AoeStats
← B-Matt

Black Forest

510180809Analyzed
2v2 RM · 2d ago on Sep 29, 2026· 63m 34s· 4 players
Game mode
Random Map
Map size
Medium (4 player)
Population
200
Speed
Normal
Resources
Standard
Victory
Conquest
Starting age
Dark Age
Ending age
Imperial Age
RankedLock teamsTeams togetherTeam positionsShared explorationLock speedFull tech treeHidden civsTurbo modeCheats
Victory
Defeat
🇨🇴 Goths · Colombia
937
+14
🇺🇸 Malians · United States
913
+14
🇭🇷 Varangians · Croatia
888
-14
🇭🇷 Khmer · Croatia
886
-14
Hitman
0:28 Loom
17:31 Feudal Age
18:05 Double-Bit Axe
23:53 Castle Age
24:25 Horse Collar
25:07 Bow Saw
33:37 Heavy Plow
35:28 Gold Mining
35:28 Stone Mining
35:47 Squires
40:14 Imperial Age
39:03 Wheelbarrow
39:42 Forging
39:34 Scale Mail Armor
40:37 Hand Cart
41:18 Iron Casting
40:56 Elite Varangian Guard
42:18 Ballistics
43:11 Conscription
43:30 Crop Rotation
44:01 Two-Man Saw
42:30 Pikeman
45:40 Blast Furnace
44:56 Chain Mail Armor
44:44 Vendel Legacy
45:34 Cranequins
48:03 Husbandry
49:22 Bloodlines
53:44 Plate Mail Armor
53:05 Fletching
54:38 Caravan
55:43 Fervor
57:01 Scale Barding Armor
56:52 Bodkin Arrow
57:57 Cavalier
58:06 Man-at-Arms
59:04 Elite Skirmisher
60:04 Onager
B-Matt
0:30 Loom
13:38 Feudal Age
14:18 Double-Bit Axe
14:24 Horse Collar
18:01 Castle Age
20:02 Wheelbarrow
20:40 Heavy Plow
23:33 Coinage
23:45 Bow Saw
25:58 Hand Cart
26:44 Bloodlines
29:31 Forging
29:43 Scale Barding Armor
35:07 Imperial Age
33:52 Husbandry
35:01 Iron Casting
34:52 Chain Barding Armor
36:59 Conscription
38:52 Cavalier
41:17 Caravan
41:08 Heavy Scorpion
42:56 Ballistics
42:32 Murder Holes
42:30 Fletching
46:04 Plate Barding Armor
47:52 Bodkin Arrow
47:58 Padded Archer Armor
47:51 Elite Skirmisher
49:04 Double Crossbow
53:35 Pikeman
54:01 Arson
54:10 Halberdier
54:53 Scale Mail Armor
58:06 Chain Mail Armor
58:52 Blast Furnace
62:21 Bracer
62:37 Leather Archer Armor
masanchezt
2:12 Loom
15:16 Feudal Age
19:17 Castle Age
19:06 Double-Bit Axe
22:45 Bow Saw
24:55 Horse Collar
26:11 Heavy Plow
34:01 Imperial Age
32:28 Pikeman
34:39 Squires
36:25 Crop Rotation
37:04 Two-Man Saw
37:42 Perfusion
37:41 Halberdier
38:34 Forging
38:25 Scale Mail Armor
39:12 Wheelbarrow
38:22 Town Watch
39:05 Onager
43:08 Iron Casting
42:34 Scale Mail Armor
44:14 Anarchy
44:46 Hand Cart
44:32 Town Patrol
44:38 Elite Huskarl
44:45 Man-at-Arms
45:26 Long Swordsman
47:09 Blast Furnace
46:24 Chain Mail Armor
46:25 Two-Handed Swordsman
46:53 Champion
52:08 Caravan
SadPlay
0:31 Loom
13:52 Feudal Age
19:28 Castle Age
17:34 Double-Bit Axe
18:22 Horse Collar
26:24 Stone Mining
29:30 Heavy Plow
31:24 Gold Mining
36:44 Imperial Age
34:13 Pikeman
34:54 Squires
35:10 Fletching
36:16 Wheelbarrow
38:33 Conscription
40:30 Tigui
40:33 Murder Holes
40:33 Town Watch
41:07 Bow Saw
42:47 Chemistry
44:00 Farimba
45:01 Ballistics
45:27 Gold Shaft Mining
45:20 Hand Cart
45:15 Scale Barding Armor
45:10 Scale Mail Armor
45:21 Forging
45:06 Bodkin Arrow
45:12 Padded Archer Armor
48:20 Heavy Camel Rider
49:01 Husbandry
49:11 Bloodlines
48:24 Cavalier
48:51 Elite Gbeto
51:50 Treadmill Crane
54:15 Crop Rotation
54:28 Chain Mail Armor
54:48 Iron Casting
55:09 Chain Barding Armor
62:04 Caravan
62:37 Plate Mail Armor
Connection lost

Rejoining the realm…

Still unreachable

The connection could not be restored.

Session expired

The server has moved on; the page needs a fresh start.